WCHLSIM.com - West Coast Hockey League
html PUBLIC "-//W3C//DTD XHTML 1.0 Transitional//EN" "http://www.w3.org/TR/xhtml1/DTD/xhtml1-transitional.dtd"> WCHL - Game 153 - KANSAS CITY KILLERBEES vs EDMONTON ICE

KANSAS CITY KILLERBEES vs EDMONTON ICE

Created - 4 décembre 2020 at 22:16

Goals
1 2 3 T
KANSAS CITY KILLERBEES 0 1 1 2
EDMONTON ICE 1 0 0 1
Shots
1 2 3 T
KANSAS CITY KILLERBEES 1 9 11 21
EDMONTON ICE 10 13 5 28

1st period

1. EDMONTON ICE , Patric Hornqvist 5 (Timo Meier 8, Ryan O'Reilly 9) at 19:52 (PP)

Penalties :
Calvin De Haan (EDM) for Holding (Minor) at 7:11, Haydn Fleury (KCK) for Roughing (Minor) at 11:30, Oscar Fantenberg (KCK) for High sticking (Minor) at 17:56

2nd period

2. KANSAS CITY KILLERBEES , Riley Sheahan 1 (Oskar Sundqvist 2) at 17:31

Penalties :
Adam Larsson (KCK) for Hooking (Minor) at 1:46, Jacob Muzzin (KCK) for Tripping (Minor) at 13:11

3rd period

3. KANSAS CITY KILLERBEES , Sean Couturier 6 (Zach Hyman 5, Mark Stone 9) at 0:28

Penalties :
Jacob Muzzin (KCK) for Hooking (Minor) at 0:48, Jeff Petry (EDM) for Tripping (Minor) at 12:08, Jeff Petry (EDM) for Roughing (Minor) at 15:28

Goalie Stats

Mikhail Berdin (KCK), 27 saves from 28 shots - (0,964), W, 2-1-0, 60:00 minutes
Philipp Grubauer (EDM), 19 saves from 21 shots - (0,905), L, 2-2-1, 59:00 minutes

Players Stats for KANSAS CITY KILLERBEES

Player Name              G  A  P  +/- PIM S  H  SB GA TA FO     MP     PP MP  PK MP  
------------------------------------------------------------------------------------
Adam Larsson             0  0  0   1  2   0  1  4  0  0  0/0    19:31   0:46   3:30 
Cam Fowler               0  0  0   0  0   0  1  1  0  0  0/0    22:43   2:47   2:06 
Colin Miller             0  0  0   1  0   0  3  0  0  0  0/0    19:34   2:43   4:31 
Haydn Fleury             0  0  0   1  2   0  1  1  0  0  0/0    18:27   2:28   2:26 
Jacob Muzzin             0  0  0   0  4   4  2  1  0  0  0/0    22:49   3:10   2:39 
Josh Archibald           0  0  0   0  0   1  0  0  0  0  0/0    13:52   0:00   4:14 
Mark Stone               0  1  1   1  0   2  0  0  0  0  0/3    18:26   2:57   0:00 
Max Domi                 0  0  0   0  0   0  1  0  0  0  3/11   12:38   3:00   0:00 
Nicholas Ritchie         0  0  0   0  0   1  0  0  0  0  0/0    15:23   0:00   5:38 
Oscar Fantenberg         0  0  0   1  2   0  2  1  0  0  0/0    16:02   0:00   3:43 
Oskar Sundqvist          0  1  1   1  0   1  0  0  0  0  1/7     3:41   0:00   0:00 
Paul Stastny             0  0  0   0  0   2  4  0  0  0  9/17   22:36   3:00   4:13 
Riley Sheahan            1  0  1   1  0   2  0  0  0  0  5/9     8:53   0:00   5:12 
Ryan Dzingel             0  0  0   1  0   1  0  0  0  0  0/0     6:41   3:00   0:00 
Sean Couturier           1  0  1   1  0   2  1  0  0  0  10/20  18:51   2:57   0:25 
Tyler Ennis              0  0  0   0  0   2  0  1  0  0  0/1    15:23   0:00   0:00 
Zach Hyman               0  1  1   1  0   0  1  1  0  0  0/0    19:10   2:57   0:51 
Zach Parise              0  0  0   0  0   3  0  0  0  0  0/1    15:23   0:00   0:00 

Players Stats for EDMONTON ICE

Player Name              G  A  P  +/- PIM S  H  SB GA TA FO     MP     PP MP  PK MP  
------------------------------------------------------------------------------------
Anthony Mantha           0  0  0  -1  0   8  1  0  0  0  0/1    20:40   5:28   0:19 
Boone Jenner             0  0  0   0  0   1  1  0  0  0  5/6    13:01   0:00   3:43 
Brendan Perlini          0  0  0   0  0   0  0  0  0  0  0/0     0:44   0:44   0:00 
Calvin De Haan           0  0  0   0  2   1  1  4  0  0  0/0    17:38   0:44   2:07 
Colton Parayko           0  0  0   0  0   0  0  2  0  0  0/0    22:55   4:27   3:00 
Ivan Barbashev           0  0  0   0  0   0  0  0  0  0  2/4     3:38   0:00   0:00 
Jack Johnson             0  0  0  -1  0   0  5  1  0  0  0/0    14:40   0:02   2:35 
Jaden Schwartz           0  0  0  -1  0   1  1  0  0  0  0/0    21:04   4:42   0:00 
Jeff Petry               0  0  0  -1  4   2  2  1  0  0  0/0    22:43   5:25   0:00 
Joel Eriksson Ek         0  0  0  -1  0   0  0  0  0  0  10/22  20:21   5:28   0:00 
Markus Nutivaara         0  0  0  -1  0   0  1  2  0  0  0/0    16:26   3:41   1:22 
Mathieu Perreault        0  0  0   0  0   0  0  0  0  0  0/0     5:33   0:00   1:55 
Mikko Koivu              0  0  0   0  0   3  0  0  0  0  8/12   11:57   0:44   1:55 
Ondrej Kase              0  0  0   0  0   2  0  0  0  0  0/2    17:27   0:48   3:43 
Patric Hornqvist         1  0  1  -1  0   6  3  0  0  0  1/2    20:02   3:40   0:00 
Ryan O'Reilly            0  1  1  -1  0   1  0  2  0  0  15/20  20:21   3:40   0:19 
Shea Theodore            0  0  0  -1  0   0  1  2  0  0  0/0    25:35   5:25   2:50 
Timo Meier               0  1  1  -1  0   3  2  0  0  0  0/0    19:15   4:22   0:00 

3 Stars

1 - Mikhail Berdin (KCK)
2 - Sean Couturier (KCK)
3 - Riley Sheahan (KCK)

Power Play

KANSAS CITY KILLERBEES - 0 on 3 Attempt(s) - 0,00%
EDMONTON ICE - 1 on 5 Attempt(s) - 20,00%

Penalty Kill

KANSAS CITY KILLERBEES - 4 on 5 Attempt(s) - 80,00% - Score 0 goal in Penalty Kill
EDMONTON ICE - 3 on 3 Attempt(s) - 100,00% - Score 0 goal in Penalty Kill

Team Stat

KANSAS CITY KILLERBEES - Hits : 17 - Faceoff Wins : 28 - Blocked Shots : 10 - Penalty Minutes : 10
EDMONTON ICE - Hits : 18 - Faceoff Wins : 41 - Blocked Shots : 14 - Penalty Minutes : 6

Official

Referees : Tom Chmielewski and Dean Morton
Linesman : Jake Davis and Matt MacPherson

Game Notes

No Game Note

Finance

Level 1 -- Attendance: 4995 (83,25%) -- Ticket Income 949 050 $
Level 2 -- Attendance: 4625 (92,50%) -- Ticket Income 578 125 $
Level 3 -- Attendance: 1822 (91,10%) -- Ticket Income 182 200 $
Level 4 -- Attendance: 3518 (58,63%) -- Ticket Income 228 670 $
Luxury Box -- Attendance: 790 (79,00%) -- Ticket Income 268 600 $
Total Attendance: 15750 (78,75%)
Total Ticket Income: 2 206 645 $
Other Income: 772 326 $
Total Income: 2 978 971 $

KANSAS CITY KILLERBEES

5 vs 5 Forward 
   Center                   Left Wing                Right Wing               Time % Phy DF OF 
 1 Sean Couturier           Zach Hyman               Mark Stone               36     1   2  2  
 2 Paul Stastny             Tyler Ennis              Zach Parise              34     1   2  2  
 3 Max Domi                 Nicholas Ritchie         Josh Archibald           23     1   2  2  
 4 Oskar Sundqvist          Riley Sheahan            Ryan Dzingel             7      1   2  2  

5 vs 5 Defense 
   Defense                  Defense                                           Time % Phy DF OF 
 1 Jacob Muzzin             Cam Fowler                                        36     1   2  2  
 2 Haydn Fleury             Adam Larsson                                      35     1   2  2  
 3 Colin Miller             Oscar Fantenberg                                  28     1   2  2  
 4 Adam Larsson             Jacob Muzzin                                      1      1   2  2  

PowerPlay Forward 
   Center                   Left Wing                Right Wing               Time % Phy DF OF 
 1 Sean Couturier           Zach Hyman               Mark Stone               55     1   2  2  
 2 Paul Stastny             Max Domi                 Ryan Dzingel             45     1   2  2  

PowerPlay Defense
   Defense                  Defense                                           Time % Phy DF OF 
 1 Colin Miller             Cam Fowler                                        50     1   2  2  
 2 Haydn Fleury             Jacob Muzzin                                      50     1   2  2  

Penalty Kill 4 Players Forward 
   Center                   Wing                     Time % Phy DF OF 
 1 Riley Sheahan            Nicholas Ritchie         55     1   2  2  
 2 Paul Stastny             Josh Archibald           45     1   2  2  

Penalty Kill 4 Players Defense
   Defense                  Defense                  Time % Phy DF OF 
 1 Haydn Fleury             Adam Larsson             50     1   2  2  
 2 Colin Miller             Oscar Fantenberg         50     1   2  2  

Penalty Kill - 3 Players Forward 
   Forward                                           Time % Phy DF OF 
 1 Riley Sheahan                                     55     1   2  2  
 2 Josh Archibald                                    45     1   2  2  

Penalty Kill - 3 Players Defense
   Defense                  Defense                  Time % Phy DF OF 
 1 Oscar Fantenberg         Adam Larsson             50     1   2  2  
 2 Haydn Fleury             Cam Fowler               50     1   2  2  

4 vs 4 Forward 
   Center                   Wing                     Time % Phy DF OF 
 1 Sean Couturier           Mark Stone               55     1   2  2  
 2 Paul Stastny             Zach Hyman               45     1   2  2  

4 vs 4 Defense
   Defense                  Defense                  Time % Phy DF OF 
 1 Jacob Muzzin             Cam Fowler               50     1   2  2  
 2 Haydn Fleury             Adam Larsson             50     1   2  2  

Last Minutes Offensive
   Center                   Left Wing                Right Wing               Defense                  Defense                  
   Sean Couturier           Zach Hyman               Mark Stone               Cam Fowler               Jacob Muzzin             

Last Minutes Defensive
   Center                   Left Wing                Right Wing               Defense                  Defense                  
   Sean Couturier           Nicholas Ritchie         Mark Stone               Adam Larsson             Jacob Muzzin             

Goaltenders
Starting : Mikhail Berdin           
Backup : John Gibson              

Extra Forwards
Normal : Mark Stone, Paul Stastny, Max Domi - PP : Nicholas Ritchie, Sean Couturier - PK : Zach Hyman
Extra Defensemen
Normal : Jacob Muzzin, Haydn Fleury, Cam Fowler - PP : Colin Miller - PK : Jacob Muzzin, Adam Larsson
Penalty Shots
Max Domi, Mark Stone, Sean Couturier, Zach Hyman, Paul Stastny
Custom OT Lines Forwards
Sean Couturier, Mark Stone, Paul Stastny, Zach Hyman, Max Domi, Tyler Ennis, Zach Parise, Oskar Sundqvist, Nicholas Ritchie, Josh Archibald
Custom OT Lines Defensemen
Jacob Muzzin, Cam Fowler, Adam Larsson, Haydn Fleury, Oscar Fantenberg

Scratches
None

EDMONTON ICE

5 vs 5 Forward 
   Center                   Left Wing                Right Wing               Time % Phy DF OF 
 1 Ryan O'Reilly            Jaden Schwartz           Patric Hornqvist         37     0   2  3  
 2 Joel Eriksson Ek         Timo Meier               Anthony Mantha           34     0   2  3  
 3 Mikko Koivu              Boone Jenner             Ondrej Kase              23     1   2  2  
 4 Ivan Barbashev           Mathieu Perreault        Ondrej Kase              6      0   4  1  

5 vs 5 Defense 
   Defense                  Defense                                           Time % Phy DF OF 
 1 Jeff Petry               Shea Theodore                                     37     0   3  2  
 2 Calvin De Haan           Colton Parayko                                    33     0   3  2  
 3 Jack Johnson             Markus Nutivaara                                  23     0   4  1  
 4 Jack Johnson             Colton Parayko                                    7      0   3  2  

PowerPlay Forward 
   Center                   Left Wing                Right Wing               Time % Phy DF OF 
 1 Joel Eriksson Ek         Jaden Schwartz           Anthony Mantha           55     0   1  4  
 2 Ryan O'Reilly            Timo Meier               Patric Hornqvist         45     0   1  4  

PowerPlay Defense
   Defense                  Defense                                           Time % Phy DF OF 
 1 Jeff Petry               Shea Theodore                                     55     0   1  4  
 2 Markus Nutivaara         Colton Parayko                                    45     0   1  4  

Penalty Kill 4 Players Forward 
   Center                   Wing                     Time % Phy DF OF 
 1 Boone Jenner             Ondrej Kase              57     0   4  1  
 2 Mikko Koivu              Mathieu Perreault        43     0   4  1  

Penalty Kill 4 Players Defense
   Defense                  Defense                  Time % Phy DF OF 
 1 Calvin De Haan           Colton Parayko           57     0   4  1  
 2 Jack Johnson             Shea Theodore            43     0   4  1  

Penalty Kill - 3 Players Forward 
   Forward                                           Time % Phy DF OF 
 1 Boone Jenner                                      55     0   5  0  
 2 Mikko Koivu                                       45     0   5  0  

Penalty Kill - 3 Players Defense
   Defense                  Defense                  Time % Phy DF OF 
 1 Calvin De Haan           Colton Parayko           55     0   5  0  
 2 Jack Johnson             Jeff Petry               45     0   5  0  

4 vs 4 Forward 
   Center                   Wing                     Time % Phy DF OF 
 1 Ryan O'Reilly            Timo Meier               55     1   2  2  
 2 Mikko Koivu              Jaden Schwartz           45     1   2  2  

4 vs 4 Defense
   Defense                  Defense                  Time % Phy DF OF 
 1 Jeff Petry               Colton Parayko           55     1   2  2  
 2 Jack Johnson             Markus Nutivaara         45     1   2  2  

Last Minutes Offensive
   Center                   Left Wing                Right Wing               Defense                  Defense                  
   Ryan O'Reilly            Jaden Schwartz           Anthony Mantha           Jeff Petry               Shea Theodore            

Last Minutes Defensive
   Center                   Left Wing                Right Wing               Defense                  Defense                  
   Boone Jenner             Ondrej Kase              Timo Meier               Calvin De Haan           Colton Parayko           

Goaltenders
Starting : Philipp Grubauer         
Backup : Jake Allen               

Extra Forwards
Normal : Timo Meier, Joel Eriksson Ek, Ondrej Kase - PP : Ondrej Kase, Mikko Koivu - PK : Ryan O'Reilly
Extra Defensemen
Normal : Shea Theodore, Colton Parayko, Jeff Petry - PP : Jack Johnson - PK : Shea Theodore, Markus Nutivaara
Penalty Shots
Ryan O'Reilly, Anthony Mantha, Jaden Schwartz, Timo Meier, Patric Hornqvist
Custom OT Lines Forwards
Ryan O'Reilly, Anthony Mantha, Jaden Schwartz, Timo Meier, Joel Eriksson Ek, Ondrej Kase, Mikko Koivu, Boone Jenner, Patric Hornqvist, Ivan Barbashev
Custom OT Lines Defensemen
Jeff Petry, Colton Parayko, Shea Theodore, Jack Johnson, Markus Nutivaara

Scratches
None


% Time on Ice - KANSAS CITY KILLERBEES

Lines # - Real PCT - Wanted PCT - Time Play
Normal Forward
1 - 35% - 36% - 15:22
2 - 35% - 34% - 15:23
3 - 22% - 23% - 9:38
4 - 8% - 7% - 3:41
Normal Defense
1 - 37% - 36% - 16:18
2 - 31% - 35% - 13:27
3 - 28% - 28% - 12:20
4 - 5% - 1% - 1:59
PP Forward
1 - 50% - 55% - 2:57
2 - 50% - 45% - 3:00
PP Defense
1 - 47% - 50% - 2:47
2 - 53% - 50% - 3:10
PK Forward
1 - 57% - 55% - 5:38
2 - 43% - 45% - 4:14
PK Defense
1 - 41% - 50% - 4:00
2 - 59% - 50% - 5:52
PK3 Forward
1 - 0% - 55%
2 - 0% - 45%
PK3 Defense
1 - 0% - 50%
2 - 0% - 50%
44 Forward
1 - 0% - 55%
2 - 0% - 45%
44 Defense
1 - 0% - 50%
2 - 0% - 50%
Last Minute Offensive  - 0:00
Last Minute Defensive  - 0:07
Total
Forward - 60:00
Defense - 60:00

% Time on Ice - EDMONTON ICE

Lines # - Real PCT - Wanted PCT - Time Play
Normal Forward
1 - 37% - 37% - 16:22
2 - 33% - 34% - 14:36
3 - 21% - 23% - 9:18
4 - 8% - 6% - 3:38
Normal Defense
1 - 39% - 37% - 17:03
2 - 34% - 33% - 14:48
3 - 26% - 23% - 11:23
4 - 2% - 7% - 0:40
PP Forward
1 - 55% - 55% - 5:28
2 - 45% - 45% - 4:24
PP Defense
1 - 55% - 55% - 5:27
2 - 45% - 45% - 4:25
PK Forward
1 - 68% - 57% - 4:02
2 - 32% - 43% - 1:55
PK Defense
1 - 63% - 57% - 3:44
2 - 37% - 43% - 2:13
PK3 Forward
1 - 0% - 55%
2 - 0% - 45%
PK3 Defense
1 - 0% - 55%
2 - 0% - 45%
44 Forward
1 - 0% - 55%
2 - 0% - 45%
44 Defense
1 - 0% - 55%
2 - 0% - 45%
Last Minute Offensive  - 0:17
Last Minute Defensive  - 0:00
Total
Forward - 60:00
Defense - 60:00

Play-by-Play

1st period


0:01 of 1st period - Patric Hornqvist wins face-off versus Sean Couturier in neutral zone.
0:31 of 1st period - Jacob Muzzin is hit by Patric Hornqvist and loses puck.
0:48 of 1st period - Shot by Ryan O'Reilly.
0:48 of 1st period - Stopped by Mikhail Berdin without a rebound.
0:49 of 1st period - Paul Stastny wins face-off versus Joel Eriksson Ek in KANSAS CITY KILLERBEES zone.
0:49 of 1st period - Paul Stastny is hit by Timo Meier.
0:57 of 1st period - Shot by Tyler Ennis.
0:57 of 1st period - Shot Misses the Net.
1:07 of 1st period - Shot by Timo Meier.
1:07 of 1st period - Stopped by Mikhail Berdin without a rebound.
1:08 of 1st period - Mikko Koivu wins face-off versus Max Domi in KANSAS CITY KILLERBEES zone.
1:19 of 1st period - Shot by Boone Jenner.
1:19 of 1st period - Deflect By Mikko Koivu.
1:19 of 1st period - Stopped by Mikhail Berdin without a rebound.
1:20 of 1st period - Joel Eriksson Ek wins face-off versus Paul Stastny in KANSAS CITY KILLERBEES zone.
1:38 of 1st period - Shot by Timo Meier.
1:38 of 1st period - Deflect By Anthony Mantha.
1:38 of 1st period - Shot Blocked by Adam Larsson.
1:40 of 1st period - Shot by Anthony Mantha.
1:40 of 1st period - Stopped by Mikhail Berdin without a rebound.
1:41 of 1st period - Mikko Koivu wins face-off versus Max Domi in KANSAS CITY KILLERBEES zone.
2:55 of 1st period - Shot by Zach Parise.
2:55 of 1st period - Shot Misses the Net.
3:57 of 1st period - Shot by Ryan O'Reilly.
3:57 of 1st period - Shot Misses the Net.
4:37 of 1st period - Icing by Ondrej Kase.
4:38 of 1st period - Ivan Barbashev wins face-off versus Oskar Sundqvist in EDMONTON ICE zone.
4:58 of 1st period - Shot by Ryan Dzingel.
4:58 of 1st period - Deflect By Oskar Sundqvist.
4:58 of 1st period - Stopped by Philipp Grubauer without a rebound.
4:59 of 1st period - Sean Couturier wins face-off versus Anthony Mantha in EDMONTON ICE zone.
5:23 of 1st period - Shot by Anthony Mantha.
5:23 of 1st period - Stopped by Mikhail Berdin without a rebound.
5:24 of 1st period - Max Domi wins face-off versus Ryan O'Reilly in KANSAS CITY KILLERBEES zone.
5:56 of 1st period - Jaden Schwartz is hit by Oscar Fantenberg and loses puck.
6:31 of 1st period - Josh Archibald is hit by Boone Jenner and loses puck.
6:42 of 1st period - Shot by Boone Jenner.
6:42 of 1st period - Stopped by Mikhail Berdin without a rebound.
6:43 of 1st period - Sean Couturier wins face-off versus Joel Eriksson Ek in KANSAS CITY KILLERBEES zone.
7:11 of 1st period - Minor Penalty to Calvin De Haan for Holding.
7:12 of 1st period - Boone Jenner wins face-off versus Paul Stastny in EDMONTON ICE zone.
7:12 of 1st period - Boone Jenner is hit by Max Domi.
7:26 of 1st period - Boone Jenner is hit by Paul Stastny and loses puck.
8:29 of 1st period - Off-side.
8:30 of 1st period - Mikko Koivu wins face-off versus Paul Stastny in neutral zone.
9:47 of 1st period - Shot by Mark Stone.
9:47 of 1st period - Shot Misses the Net.
10:45 of 1st period - Joel Eriksson Ek is hit by Jacob Muzzin.
11:02 of 1st period - Icing by Cam Fowler.
11:03 of 1st period - Mikko Koivu wins face-off versus Oskar Sundqvist in KANSAS CITY KILLERBEES zone.
11:19 of 1st period - Off-side.
11:20 of 1st period - Ryan O'Reilly wins face-off versus Sean Couturier in neutral zone.
11:27 of 1st period - Shot by Patric Hornqvist.
11:27 of 1st period - Shot Blocked by Adam Larsson.
11:30 of 1st period - Minor Penalty to Haydn Fleury for Roughing.
11:31 of 1st period - Joel Eriksson Ek wins face-off versus Riley Sheahan in KANSAS CITY KILLERBEES zone.
11:31 of 1st period - Joel Eriksson Ek is hit by Colin Miller.
11:37 of 1st period - Shot by Anthony Mantha.
11:37 of 1st period - Deflect By Jaden Schwartz.
11:37 of 1st period - Shot Misses the Net.
11:55 of 1st period - Shot by Anthony Mantha.
11:55 of 1st period - Shot Misses the Net.
12:39 of 1st period - Shot by Timo Meier.
12:39 of 1st period - Shot Misses the Net.
14:19 of 1st period - Icing by Calvin De Haan.
14:20 of 1st period - Mikko Koivu wins face-off versus Paul Stastny in EDMONTON ICE zone.
14:25 of 1st period - Mikko Koivu is hit by Paul Stastny and loses puck.
14:53 of 1st period - Icing by Tyler Ennis.
14:54 of 1st period - Joel Eriksson Ek wins face-off versus Tyler Ennis in KANSAS CITY KILLERBEES zone.
14:55 of 1st period - Shot by Timo Meier.
14:55 of 1st period - Shot Blocked by Tyler Ennis.
15:28 of 1st period - Icing by Shea Theodore.
15:29 of 1st period - Sean Couturier wins face-off versus Joel Eriksson Ek in EDMONTON ICE zone.
15:41 of 1st period - Shot by Jeff Petry.
15:41 of 1st period - Stopped by Mikhail Berdin without a rebound.
15:42 of 1st period - Ryan O'Reilly wins face-off versus Max Domi in KANSAS CITY KILLERBEES zone.
15:55 of 1st period - Shot by Ryan O'Reilly.
15:55 of 1st period - Shot Blocked by Cam Fowler.
16:13 of 1st period - Shot by Max Domi.
16:13 of 1st period - Deflect By Nicholas Ritchie.
16:13 of 1st period - Shot Blocked by Ryan O'Reilly.
16:15 of 1st period - Shot by Nicholas Ritchie.
16:15 of 1st period - Shot Misses the Net.
16:45 of 1st period - Sean Couturier is hit by Jack Johnson and loses puck.
16:59 of 1st period - Zach Hyman is hit by Jack Johnson and loses puck.
17:09 of 1st period - Sean Couturier is hit by Markus Nutivaara and loses puck.
17:34 of 1st period - Jeff Petry is hit by Paul Stastny and loses puck.
17:52 of 1st period - Timo Meier is hit by Colin Miller and loses puck.
17:56 of 1st period - Minor Penalty to Oscar Fantenberg for High sticking.
17:57 of 1st period - Joel Eriksson Ek wins face-off versus Riley Sheahan in KANSAS CITY KILLERBEES zone.
18:20 of 1st period - Shot by Anthony Mantha.
18:20 of 1st period - Shot Misses the Net.
19:10 of 1st period - Icing by Calvin De Haan.
19:11 of 1st period - Riley Sheahan wins face-off versus Mikko Koivu in EDMONTON ICE zone.
19:24 of 1st period - Shot by Mikko Koivu.
19:24 of 1st period - Stopped by Mikhail Berdin with a rebound.
19:26 of 1st period - Shot by Timo Meier.
19:26 of 1st period - Stopped by Mikhail Berdin without a rebound.
19:27 of 1st period - Paul Stastny wins face-off versus Ryan O'Reilly in KANSAS CITY KILLERBEES zone.
19:27 of 1st period - Paul Stastny is hit by Timo Meier.
19:52 of 1st period - Shot by Patric Hornqvist.
19:52 of 1st period - Goal by Patric Hornqvist - KANSAS CITY KILLERBEES : 0 - EDMONTON ICE : 1.
19:53 of 1st period - Sean Couturier wins face-off versus Ivan Barbashev in neutral zone.
Goals for this period are 0 for KANSAS CITY KILLERBEES vs 1 for EDMONTON ICE.
Shots for this period are 1 for KANSAS CITY KILLERBEES vs 10 for EDMONTON ICE.

2nd period


0:01 of 2nd period - Joel Eriksson Ek wins face-off versus Sean Couturier in neutral zone.
0:04 of 2nd period - Shot by Anthony Mantha.
0:04 of 2nd period - Stopped by Mikhail Berdin without a rebound.
0:05 of 2nd period - Sean Couturier wins face-off versus Joel Eriksson Ek in KANSAS CITY KILLERBEES zone.
0:14 of 2nd period - Shot by Mark Stone.
0:14 of 2nd period - Shot Misses the Net.
0:16 of 2nd period - Shot by Cam Fowler.
0:16 of 2nd period - Shot Blocked by Shea Theodore.
0:35 of 2nd period - Icing by Cam Fowler.
0:36 of 2nd period - Ryan O'Reilly wins face-off versus Sean Couturier in KANSAS CITY KILLERBEES zone.
1:05 of 2nd period - Shot by Ryan O'Reilly.
1:05 of 2nd period - Shot Misses the Net.
1:23 of 2nd period - Shot by Jaden Schwartz.
1:23 of 2nd period - Stopped by Mikhail Berdin without a rebound.
1:24 of 2nd period - Joel Eriksson Ek wins face-off versus Max Domi in KANSAS CITY KILLERBEES zone.
1:31 of 2nd period - Shot by Anthony Mantha.
1:31 of 2nd period - Stopped by Mikhail Berdin without a rebound.
1:32 of 2nd period - Paul Stastny wins face-off versus Joel Eriksson Ek in KANSAS CITY KILLERBEES zone.
1:40 of 2nd period - Timo Meier is hit by Adam Larsson and loses puck.
1:46 of 2nd period - Minor Penalty to Adam Larsson for Hooking.
1:47 of 2nd period - Riley Sheahan wins face-off versus Joel Eriksson Ek in KANSAS CITY KILLERBEES zone.
2:00 of 2nd period - Shot by Anthony Mantha.
2:00 of 2nd period - Stopped by Mikhail Berdin without a rebound.
2:01 of 2nd period - Ryan O'Reilly wins face-off versus Riley Sheahan in KANSAS CITY KILLERBEES zone.
2:06 of 2nd period - Shot by Patric Hornqvist.
2:06 of 2nd period - Stopped by Mikhail Berdin without a rebound.
2:07 of 2nd period - Riley Sheahan wins face-off versus Joel Eriksson Ek in KANSAS CITY KILLERBEES zone.
2:23 of 2nd period - Jaden Schwartz is hit by Oscar Fantenberg and loses puck.
2:46 of 2nd period - Shot by Anthony Mantha.
2:46 of 2nd period - Shot Misses the Net.
2:56 of 2nd period - Nicholas Ritchie is hit by Jaden Schwartz and loses puck.
3:31 of 2nd period - Paul Stastny is hit by Patric Hornqvist and loses puck.
5:44 of 2nd period - Ondrej Kase is hit by Haydn Fleury and loses puck.
6:15 of 2nd period - Shot by Nicholas Ritchie.
6:15 of 2nd period - Stopped by Philipp Grubauer without a rebound.
6:16 of 2nd period - Ryan O'Reilly wins face-off versus Oskar Sundqvist in EDMONTON ICE zone.
6:25 of 2nd period - Shot by Jaden Schwartz.
6:25 of 2nd period - Shot Misses the Net.
6:45 of 2nd period - Shot by Ryan Dzingel.
6:45 of 2nd period - Stopped by Philipp Grubauer without a rebound.
6:46 of 2nd period - Paul Stastny wins face-off versus Joel Eriksson Ek in EDMONTON ICE zone.
6:58 of 2nd period - Icing by Jeff Petry.
6:59 of 2nd period - Sean Couturier wins face-off versus Joel Eriksson Ek in EDMONTON ICE zone.
7:20 of 2nd period - Shot by Mark Stone.
7:20 of 2nd period - Stopped by Philipp Grubauer without a rebound.
7:21 of 2nd period - Mikko Koivu wins face-off versus Paul Stastny in EDMONTON ICE zone.
7:27 of 2nd period - Zach Parise is hit by Calvin De Haan and loses puck.
7:42 of 2nd period - Shot by Ondrej Kase.
7:42 of 2nd period - Stopped by Mikhail Berdin without a rebound.
7:43 of 2nd period - Joel Eriksson Ek wins face-off versus Max Domi in KANSAS CITY KILLERBEES zone.
8:53 of 2nd period - Shot by Tyler Ennis.
8:53 of 2nd period - Stopped by Philipp Grubauer with a rebound.
9:51 of 2nd period - Shot by Patric Hornqvist.
9:51 of 2nd period - Stopped by Mikhail Berdin without a rebound.
9:52 of 2nd period - Oskar Sundqvist wins face-off versus Ondrej Kase in KANSAS CITY KILLERBEES zone.
10:07 of 2nd period - Shot by Ondrej Kase.
10:07 of 2nd period - Shot Misses the Net.
10:19 of 2nd period - Shot by Mikko Koivu.
10:19 of 2nd period - Stopped by Mikhail Berdin without a rebound.
10:20 of 2nd period - Ryan O'Reilly wins face-off versus Mark Stone in KANSAS CITY KILLERBEES zone.
11:01 of 2nd period - Shot by Sean Couturier.
11:01 of 2nd period - Shot Blocked by Colton Parayko.
11:03 of 2nd period - Shot by Mark Stone.
11:03 of 2nd period - Shot Misses the Net.
11:24 of 2nd period - Shot by Zach Parise.
11:24 of 2nd period - Stopped by Philipp Grubauer without a rebound.
11:25 of 2nd period - Mikko Koivu wins face-off versus Max Domi in EDMONTON ICE zone.
11:31 of 2nd period - Off-side.
11:32 of 2nd period - Paul Stastny wins face-off versus Mikko Koivu in neutral zone.
11:38 of 2nd period - Zach Parise is hit by Jack Johnson and loses puck.
11:59 of 2nd period - Mikko Koivu is hit by Paul Stastny and loses puck.
12:58 of 2nd period - Shot by Anthony Mantha.
12:58 of 2nd period - Deflect By Timo Meier.
12:58 of 2nd period - Stopped by Mikhail Berdin with a rebound.
13:00 of 2nd period - Shot by Anthony Mantha.
13:00 of 2nd period - Shot Blocked by Adam Larsson.
13:02 of 2nd period - Shot by Shea Theodore.
13:02 of 2nd period - Shot Misses the Net.
13:04 of 2nd period - Shot by Jeff Petry.
13:04 of 2nd period - Stopped by Mikhail Berdin without a rebound.
13:05 of 2nd period - Ryan O'Reilly wins face-off versus Sean Couturier in KANSAS CITY KILLERBEES zone.
13:11 of 2nd period - Minor Penalty to Jacob Muzzin for Tripping.
13:12 of 2nd period - Riley Sheahan wins face-off versus Ryan O'Reilly in KANSAS CITY KILLERBEES zone.
14:39 of 2nd period - Josh Archibald is hit by Anthony Mantha and loses puck.
14:54 of 2nd period - Shot by Anthony Mantha.
14:54 of 2nd period - Deflect By Jaden Schwartz.
14:54 of 2nd period - Shot Misses the Net.
14:56 of 2nd period - Shot by Jeff Petry.
14:56 of 2nd period - Shot Blocked by Zach Hyman.
14:58 of 2nd period - Shot by Jaden Schwartz.
14:58 of 2nd period - Shot Misses the Net.
15:59 of 2nd period - Shot by Mathieu Perreault.
15:59 of 2nd period - Shot Misses the Net.
16:16 of 2nd period - Shot by Ondrej Kase.
16:16 of 2nd period - Stopped by Mikhail Berdin without a rebound.
16:17 of 2nd period - Ryan O'Reilly wins face-off versus Oskar Sundqvist in KANSAS CITY KILLERBEES zone.
16:32 of 2nd period - Shot by Patric Hornqvist.
16:32 of 2nd period - Stopped by Mikhail Berdin without a rebound.
16:33 of 2nd period - Joel Eriksson Ek wins face-off versus Paul Stastny in KANSAS CITY KILLERBEES zone.
16:59 of 2nd period - Off-side.
17:00 of 2nd period - Max Domi wins face-off versus Ryan O'Reilly in neutral zone.
17:00 of 2nd period - Max Domi is hit by Patric Hornqvist.
17:17 of 2nd period - Off-side.
17:18 of 2nd period - Joel Eriksson Ek wins face-off versus Oskar Sundqvist in neutral zone.
17:31 of 2nd period - Shot by Riley Sheahan.
17:31 of 2nd period - Goal by Riley Sheahan - KANSAS CITY KILLERBEES : 1 - EDMONTON ICE : 1.
17:32 of 2nd period - Ryan O'Reilly wins face-off versus Max Domi in neutral zone.
17:47 of 2nd period - Shot by Patric Hornqvist.
17:47 of 2nd period - Shot Misses the Net.
18:53 of 2nd period - Shot by Anthony Mantha.
18:53 of 2nd period - Deflect By Timo Meier.
18:53 of 2nd period - Shot Blocked by Jacob Muzzin.
18:55 of 2nd period - Shot by Calvin De Haan.
18:55 of 2nd period - Stopped by Mikhail Berdin without a rebound.
18:56 of 2nd period - Mikko Koivu wins face-off versus Sean Couturier in KANSAS CITY KILLERBEES zone.
19:11 of 2nd period - Off-side.
19:12 of 2nd period - Paul Stastny wins face-off versus Ivan Barbashev in neutral zone.
19:33 of 2nd period - Shot by Paul Stastny.
19:33 of 2nd period - Stopped by Philipp Grubauer with a rebound.
19:35 of 2nd period - Shot by Paul Stastny.
19:35 of 2nd period - Stopped by Philipp Grubauer with a rebound.
19:43 of 2nd period - Shot by Zach Parise.
19:43 of 2nd period - Stopped by Philipp Grubauer without a rebound.
19:44 of 2nd period - Ryan O'Reilly wins face-off versus Mark Stone in EDMONTON ICE zone.
19:53 of 2nd period - Shot by Shea Theodore.
19:53 of 2nd period - Shot Blocked by Adam Larsson.
Goals for this period are 1 for KANSAS CITY KILLERBEES vs 0 for EDMONTON ICE.
Shots for this period are 9 for KANSAS CITY KILLERBEES vs 13 for EDMONTON ICE.

3rd period


0:01 of 3rd period - Ryan O'Reilly wins face-off versus Sean Couturier in neutral zone.
0:18 of 3rd period - Shot by Jaden Schwartz.
0:18 of 3rd period - Shot Misses the Net.
0:26 of 3rd period - Shot by Sean Couturier.
0:26 of 3rd period - Shot Blocked by Shea Theodore.
0:28 of 3rd period - Shot by Sean Couturier.
0:28 of 3rd period - Goal by Sean Couturier - KANSAS CITY KILLERBEES : 2 - EDMONTON ICE : 1.
0:29 of 3rd period - Paul Stastny wins face-off versus Joel Eriksson Ek in neutral zone.
0:48 of 3rd period - Minor Penalty to Jacob Muzzin for Hooking.
0:49 of 3rd period - Ryan O'Reilly wins face-off versus Riley Sheahan in KANSAS CITY KILLERBEES zone.
1:47 of 3rd period - Shot by Jaden Schwartz.
1:47 of 3rd period - Deflect By Anthony Mantha.
1:47 of 3rd period - Shot Misses the Net.
1:49 of 3rd period - Shot by Jaden Schwartz.
1:49 of 3rd period - Deflect By Anthony Mantha.
1:49 of 3rd period - Shot Blocked by Haydn Fleury.
1:51 of 3rd period - Shot by Colton Parayko.
1:51 of 3rd period - Shot Misses the Net.
1:53 of 3rd period - Shot by Colton Parayko.
1:53 of 3rd period - Shot Misses the Net.
1:55 of 3rd period - Shot by Anthony Mantha.
1:55 of 3rd period - Stopped by Mikhail Berdin with a rebound.
1:57 of 3rd period - Shot by Anthony Mantha.
1:57 of 3rd period - Shot Misses the Net.
1:59 of 3rd period - Shot by Anthony Mantha.
1:59 of 3rd period - Shot Misses the Net.
2:08 of 3rd period - Icing by Anthony Mantha.
2:09 of 3rd period - Riley Sheahan wins face-off versus Joel Eriksson Ek in EDMONTON ICE zone.
2:12 of 3rd period - Shot by Nicholas Ritchie.
2:12 of 3rd period - Shot Misses the Net.
2:50 of 3rd period - Shot by Anthony Mantha.
2:50 of 3rd period - Stopped by Mikhail Berdin without a rebound.
2:51 of 3rd period - Boone Jenner wins face-off versus Sean Couturier in KANSAS CITY KILLERBEES zone.
4:21 of 3rd period - Shot by Paul Stastny.
4:21 of 3rd period - Shot Blocked by Colton Parayko.
4:23 of 3rd period - Shot by Zach Parise.
4:23 of 3rd period - Shot Misses the Net.
4:25 of 3rd period - Shot by Paul Stastny.
4:25 of 3rd period - Shot Misses the Net.
5:21 of 3rd period - Shot by Anthony Mantha.
5:21 of 3rd period - Stopped by Mikhail Berdin with a rebound.
5:32 of 3rd period - Shot by Riley Sheahan.
5:32 of 3rd period - Shot Misses the Net.
5:34 of 3rd period - Shot by Jacob Muzzin.
5:34 of 3rd period - Stopped by Philipp Grubauer without a rebound.
5:35 of 3rd period - Ivan Barbashev wins face-off versus Mark Stone in EDMONTON ICE zone.
6:54 of 3rd period - Tyler Ennis is hit by Jack Johnson and loses puck.
7:01 of 3rd period - Shot by Zach Parise.
7:01 of 3rd period - Stopped by Philipp Grubauer without a rebound.
7:02 of 3rd period - Max Domi wins face-off versus Patric Hornqvist in EDMONTON ICE zone.
7:27 of 3rd period - Shot by Ryan O'Reilly.
7:27 of 3rd period - Shot Blocked by Oscar Fantenberg.
7:32 of 3rd period - Jaden Schwartz is hit by Colin Miller and loses puck.
8:28 of 3rd period - Timo Meier is hit by Sean Couturier and loses puck.
8:45 of 3rd period - Shot by Mark Stone.
8:45 of 3rd period - Stopped by Philipp Grubauer with a rebound.
8:47 of 3rd period - Shot by Jacob Muzzin.
8:47 of 3rd period - Shot Misses the Net.
9:14 of 3rd period - Icing by Joel Eriksson Ek.
9:15 of 3rd period - Joel Eriksson Ek wins face-off versus Zach Parise in EDMONTON ICE zone.
9:35 of 3rd period - Shot by Patric Hornqvist.
9:35 of 3rd period - Stopped by Mikhail Berdin without a rebound.
9:36 of 3rd period - Ryan O'Reilly wins face-off versus Oskar Sundqvist in KANSAS CITY KILLERBEES zone.
9:47 of 3rd period - Shot by Ryan Dzingel.
9:47 of 3rd period - Shot Misses the Net.
9:49 of 3rd period - Shot by Colin Miller.
9:49 of 3rd period - Shot Misses the Net.
9:51 of 3rd period - Shot by Riley Sheahan.
9:51 of 3rd period - Stopped by Philipp Grubauer without a rebound.
9:52 of 3rd period - Paul Stastny wins face-off versus Mikko Koivu in EDMONTON ICE zone.
9:57 of 3rd period - Shot by Zach Parise.
9:57 of 3rd period - Shot Misses the Net.
9:59 of 3rd period - Shot by Zach Parise.
9:59 of 3rd period - Deflect By Tyler Ennis.
9:59 of 3rd period - Shot Misses the Net.
10:33 of 3rd period - Shot by Adam Larsson.
10:33 of 3rd period - Shot Blocked by Calvin De Haan.
10:43 of 3rd period - Shot by Zach Hyman.
10:43 of 3rd period - Shot Misses the Net.
10:59 of 3rd period - Shot by Zach Hyman.
10:59 of 3rd period - Shot Misses the Net.
11:01 of 3rd period - Shot by Jacob Muzzin.
11:01 of 3rd period - Stopped by Philipp Grubauer without a rebound.
11:02 of 3rd period - Ryan O'Reilly wins face-off versus Max Domi in EDMONTON ICE zone.
11:24 of 3rd period - Nicholas Ritchie is hit by Shea Theodore and loses puck.
11:31 of 3rd period - Shot by Josh Archibald.
11:31 of 3rd period - Deflect By Max Domi.
11:31 of 3rd period - Shot Misses the Net.
12:08 of 3rd period - Minor Penalty to Jeff Petry for Tripping.
12:09 of 3rd period - Boone Jenner wins face-off versus Paul Stastny in EDMONTON ICE zone.
13:04 of 3rd period - Shot by Mark Stone.
13:04 of 3rd period - Shot Blocked by Jack Johnson.
13:53 of 3rd period - Shot by Jacob Muzzin.
13:53 of 3rd period - Shot Blocked by Ryan O'Reilly.
13:55 of 3rd period - Shot by Haydn Fleury.
13:55 of 3rd period - Shot Blocked by Calvin De Haan.
13:57 of 3rd period - Shot by Jacob Muzzin.
13:57 of 3rd period - Stopped by Philipp Grubauer with a rebound.
13:59 of 3rd period - Shot by Jacob Muzzin.
13:59 of 3rd period - Shot Misses the Net.
14:01 of 3rd period - Shot by Jacob Muzzin.
14:01 of 3rd period - Shot Blocked by Calvin De Haan.
14:03 of 3rd period - Shot by Jacob Muzzin.
14:03 of 3rd period - Stopped by Philipp Grubauer without a rebound.
14:04 of 3rd period - Boone Jenner wins face-off versus Sean Couturier in EDMONTON ICE zone.
14:15 of 3rd period - Shot by Tyler Ennis.
14:15 of 3rd period - Stopped by Philipp Grubauer without a rebound.
14:16 of 3rd period - Paul Stastny wins face-off versus Joel Eriksson Ek in EDMONTON ICE zone.
14:47 of 3rd period - Shot by Anthony Mantha.
14:47 of 3rd period - Shot Misses the Net.
15:25 of 3rd period - Icing by Ryan O'Reilly.
15:26 of 3rd period - Sean Couturier wins face-off versus Ryan O'Reilly in EDMONTON ICE zone.
15:26 of 3rd period - Mark Stone is hit by Jeff Petry and loses puck.
15:28 of 3rd period - Minor Penalty to Jeff Petry for Roughing.
15:29 of 3rd period - Boone Jenner wins face-off versus Sean Couturier in EDMONTON ICE zone.
15:29 of 3rd period - Boone Jenner is hit by Zach Hyman.
15:54 of 3rd period - Icing by Sean Couturier.
15:55 of 3rd period - Sean Couturier wins face-off versus Boone Jenner in KANSAS CITY KILLERBEES zone.
16:06 of 3rd period - Cam Fowler is hit by Jack Johnson and loses puck.
17:00 of 3rd period - Shot by Paul Stastny.
17:00 of 3rd period - Shot Blocked by Calvin De Haan.
17:02 of 3rd period - Shot by Jacob Muzzin.
17:02 of 3rd period - Shot Misses the Net.
17:04 of 3rd period - Shot by Adam Larsson.
17:04 of 3rd period - Shot Misses the Net.
17:06 of 3rd period - Shot by Jacob Muzzin.
17:06 of 3rd period - Shot Misses the Net.
17:17 of 3rd period - Off-side.
17:18 of 3rd period - Sean Couturier wins face-off versus Ondrej Kase in neutral zone.
17:36 of 3rd period - Nicholas Ritchie is hit by Jeff Petry and loses puck.
17:47 of 3rd period - Shot by Max Domi.
17:47 of 3rd period - Shot Misses the Net.
17:49 of 3rd period - Shot by Josh Archibald.
17:49 of 3rd period - Stopped by Philipp Grubauer with a rebound.
17:51 of 3rd period - Shot by Josh Archibald.
17:51 of 3rd period - Deflect By Max Domi.
17:51 of 3rd period - Shot Blocked by Jeff Petry.
18:25 of 3rd period - Shot by Patric Hornqvist.
18:25 of 3rd period - Shot Misses the Net.
18:27 of 3rd period - Shot by Ryan O'Reilly.
18:27 of 3rd period - Deflect By Patric Hornqvist.
18:27 of 3rd period - Stopped by Mikhail Berdin without a rebound.
18:28 of 3rd period - Sean Couturier wins face-off versus Mikko Koivu in KANSAS CITY KILLERBEES zone.
18:44 of 3rd period - Shot by Sean Couturier.
18:44 of 3rd period - Shot Blocked by Markus Nutivaara.
18:48 of 3rd period - Shot by Mark Stone.
18:48 of 3rd period - Shot Blocked by Markus Nutivaara.
18:50 of 3rd period - Shot by Sean Couturier.
18:50 of 3rd period - Stopped by Philipp Grubauer without a rebound.
18:51 of 3rd period - Ryan O'Reilly wins face-off versus Paul Stastny in EDMONTON ICE zone.
19:00 of 3rd period - EDMONTON ICE, Philipp Grubauer is pulled from the net.
19:07 of 3rd period - Patric Hornqvist is hit by Cam Fowler and loses puck.
19:17 of 3rd period - Jaden Schwartz is hit by Jacob Muzzin and loses puck.
Goals for this period are 1 for KANSAS CITY KILLERBEES vs 0 for EDMONTON ICE.
Shots for this period are 11 for KANSAS CITY KILLERBEES vs 5 for EDMONTON ICE.


AUSTON
MATTHEWS
JOEL
ERIKSSON
MATHEW
BARZAL

EAST COAST

HOCKEY LEAGUE

  • 21.PIT7MAN3
  • 22.ATL3NHW4
  • 23.WOR5PET4
  • 24.3RHI4
  • 25.QUECHI
  • 26.CHALIM
  • 27.TRVLON
  • 28.CHWBAL